 Dungeon Crawl Stone Soup version 0.30-a0-1075-gcd70e7a56d (webtiles) character file.

Game seed: 10600503313327066525

1250 123456 the Digger (level 8, -6/41 HPs)
             Began as a Gargoyle Earth Elementalist on Apr 14, 2023.
             Was an Initiate of Gozag.
             Mangled by a black bear (9 damage)
             ... on level 5 of the Dungeon.
             The game lasted 00:08:47 (3634 turns).

123456 the Digger (Gargoyle Earth Elementalist)     Turns: 3634, Time: 00:08:48

Health: -6/41      AC: 11    Str: 11 (14) XL:     8   Next: 50%
Magic:  24/24      EV: 12    Int: 18 (19) God:    Gozag
Gold:   276        SH:  0    Dex:  8 (10) Spells: 3/17 levels left

rFire   . . .      SeeInvis .    i - +9 hand axe "Apehilun" {holy, rPois rN+ Str+3}
rCold   + . .      Faith    .    (no shield)
rNeg    + + .      Spirit   .    l - +2 robe {Will+}
rPois   ∞          Reflect  .    (no helmet)
rElec   +          Rampage  .    m - +0 cloak
rCorr   .                        c - +0 pair of gloves
Will    +....                    (no boots)
Stlth   ++                       h - amulet of magic regeneration
HPRegen 0.26/turn                n - ring of protection from cold
MPRegen 0.59/turn                q - ring of magical power

@: gold aura
A: sickness immunity, AC +5, negative energy resistance 1, electricity
resistance, torment resistance 1, petrification resistance
a: Renounce Religion, Potion Petition, Call Merchant, Bribe Branch


You were on level 5 of the Dungeon.
You worshipped Gozag.
Gozag was aware of your devotion.
You visited 2 branches of the dungeon, and saw 7 of its levels.

You collected 386 gold pieces.
You paid 110 gold pieces to Gozag.

Inventory:

Hand Weapons
 i - the +9 hand axe "Apehilun" (weapon) {holy, rPois rN+ Str+3}
   (You found it on level 2 of the Dungeon)

   Str:       It affects your strength (+3).
   rPois:     It protects you from poison.
   rN:        It protects you from negative energy.
Missiles
 r - 3 throwing nets
Armour
 c - a +0 pair of gloves (worn)
 l - a +2 robe of willpower (worn)
 m - a +0 cloak (worn)
Jewellery
 h - an amulet of magic regeneration (around neck)
 n - a ring of protection from cold (left hand)
 q - a ring of magical power (right hand)
Wands
 o - a wand of flame (11)
Scrolls
 d - a scroll of immolation {unknown}
 e - 4 scrolls of identify {unknown}
 k - 2 scrolls of teleportation {unknown}
 p - a scroll of poison {unknown}
 s - a scroll of blinking {unknown}
 t - a scroll of fog {unknown}
Potions
 a - 6 potions of heal wounds {unknown}
 b - a potion of magic
 f - 2 potions of degeneration
 g - 2 potions of attraction {unknown}
 j - a potion of haste
 u - a potion of cancellation {unknown}
 v - a potion of lignification {unknown}


   Skills:
 + Level 3.4 Dodging
 - Level 5.0 Stealth
 * Level 5.2 Spellcasting
 + Level 3.6 Conjurations
 - Level 0.7 Transmutations
 * Level 7.4 Earth Magic


You had 3 spell levels left.
You knew the following spells:

 Your Spells              Type           Power      Damage    Failure   Level
a - Sandblast             Erth           62%        2d14      1%          1
b - Stone Arrow           Conj/Erth      48%        3d10      4%          3
c - Lee's Rapid Deconstr  Erth           15%        3d10*     17%         5
d - Arcjolt               Conj/Air       5%         1d15      86%         5

Your spell library contained the following spells:

 Spells                   Type           Power      Damage    Failure   Level
 Magic Dart               Conj           68%        1d6       3%          1
 Passwall                 Tmut/Erth      15%        N/A       3%          2
 Call Imp                 Summ           8%         N/A       21%         2
 Mephitic Cloud           Conj/Pois/Air  9%         N/A       24%         3
 Vhi's Electric Charge    Tloc/Air       8%         N/A       36%         3
 Volatile Blastmotes      Fire/Tloc      8%         2d10      36%         3
 Petrify                  Tmut/Erth      19%        N/A       24%         4
 Fulminant Prism          Conj/Hex       5%         3d7       52%         4
 Iskenderun's Mystic Bla  Conj/Tloc      11%        2d4       52%         4
 Maxwell's Capacitive Co  Air            2%         ∞         100%        8


Dungeon Overview and Level Annotations

Branches:
Dungeon (6/15)             Temple (1/1) D:5

Altars:
Elyvilon
Fedhas
Gozag
Kikubaaqudgha
Makhleb
Okawaru
Qazlal
Ru
Sif Muna
Trog
Xom
Yredelemnul


Innate Abilities, Weirdness & Mutations

You are immune to sickness and miasma.
Your stone body is resilient. (AC +5)
You are immune to poison.
You resist negative energy. (rN+)
You are resistant to electric shocks. (rElec)
You are resistant to unholy torment.
You are immune to petrification.


Message History

The ogre closely misses you.
The black bear bites you but does no damage.
The black bear claws you but does no damage.
The black bear claws you.
The black bear goes berserk!
The black bear closely misses you.
The black bear claws you but does no damage.
The black bear barely misses you.
The black bear bites you but does no damage.
The black bear claws you but does no damage.
The black bear barely misses you.
The blast of sand hits the black bear!
The black bear is almost dead.
The black bear bites you but does no damage.
The black bear claws you but does no damage.
The black bear claws you.
The ogre hits you with a +0 giant spiked club!
The black bear barely misses you.
The black bear claws you but does no damage. x2
The black bear misses you.
The black bear claws you but does no damage. x2
Magic restored.
The black bear bites you. The black bear barely misses you.
The black bear claws you.
The black bear bites you but does no damage.
The black bear misses you. The black bear claws you.
* * * LOW HITPOINT WARNING * * *
The ogre hits you with a +0 giant spiked club!
* * * LOW HITPOINT WARNING * * *
You climb upwards.
There is a stone staircase leading down here.
It was a potion of degeneration.
There was something very wrong with that liquid.
You feel weakened.
You feel dopey.
You feel clumsy.
The black bear bites you but does no damage.
The black bear misses you. The black bear completely misses you.
The black bear bites you but does no damage.
The black bear closely misses you.
The black bear claws you but does no damage.
The black bear bites you!
You die...
Your body crumbles into a pile of gold.

...†...#.....# #..# #.....#
########.....# #.## #.....#
#.##..#######.# #.....#
#.##......##..### #.....##
#.###..##.......# #.....#. #.#
##..........# #.....#.
#.#######.......# #.....#.
#.......#h..)#### #.....##
#######.#@O### #.....## ########
#.#h## #.....'. ###......#
#.#.#########.....## .........##
#.#..........#...... ..........#
#.#.#####..#.#...... ..........#
#.#................. ...##+###.#
#.#####...#.#.......
...##+###.####.....+.............
........#.......###...#...#...##.


You could see 2 black bears and an ogre.

Vanquished Creatures
  Eustachio (D:4)
  Duvessa (D:4)
  A black bear (D:6)
  An ogre (D:5)
  Blork the orc (D:4)
  3 scorpions
  Dowan (D:4)
  4 crimson imps (D:4)
  3 hounds
  A jelly (D:5)
  An orc priest (D:3)
  An iguana (D:5)
  2 orc wizards (D:4)
  4 adders
  4 gnolls (D:3)
  An ufetubus (D:5)
  3 dart slugs
  11 orcs
  9 endoplasms
  6 giant cockroaches
  5 goblins
  13 hobgoblins
  2 jackals (D:3)
  3 quokkas
  3 ball pythons (D:1)
  3 bats
  4 frilled lizards
  A kobold (D:1)
  5 rats
98 creatures vanquished.

Notes
Turn   | Place    | Note
-------+----------+-------------------------------------------
     0 | D:1      | 123456 the Gargoyle Earth Elementalist began the quest for
                  | the Orb.
     0 | D:1      | Reached XP level 1. HP: 10/10 MP: 3/3
   176 | D:1      | Reached XP level 2. HP: 13/15 MP: 0/5
   446 | D:1      | Reached skill level 4 in Earth Magic
   784 | D:1      | Reached XP level 3. HP: 19/19 MP: 4/6
   788 | D:1      | Learned a level 3 spell: Stone Arrow
   889 | D:2      | Identified the +9 hand axe "Apehilun" {holy, rPois rN+
                  | Str+3}
  1411 | D:2      | Reached XP level 4. HP: 23/24 MP: 6/8
  1576 | D:3      | Found a shimmering blue altar of Sif Muna.
  1918 | D:3      | Reached skill level 1 in Conjurations
  1918 | D:3      | Reached XP level 5. HP: 28/28 MP: 9/9
  2071 | D:4      | Reached skill level 5 in Earth Magic
  2123 | D:4      | Noticed Eustachio
  2139 | D:4      | Killed Eustachio
  2140 | D:4      | Reached XP level 6. HP: 19/32 MP: 4/11
  2242 | D:4      | Noticed Blork the orc
  2248 | D:4      | Killed Blork the orc
  2249 | D:4      | Reached XP level 7. HP: 36/36 MP: 13/13
  2270 | D:4      | Reached skill level 6 in Earth Magic
  2478 | D:4      | Found a shimmering altar of Xom.
  2485 | D:4      | Noticed Duvessa
  2485 | D:4      | Noticed Dowan
  2488 | D:4      | Killed Dowan
  2494 | D:4      | Killed Duvessa
  2863 | D:4      | Found a sacrificial altar of Ru.
  2890 | D:4      | Reached XP level 8. HP: 41/41 MP: 14/14
  3059 | D:5      | Entered Level 5 of the Dungeon
  3060 | D:5      | Found a basalt altar of Yredelemnul.
  3063 | D:5      | Found an iron altar of Okawaru.
  3149 | D:5      | Learned a level 5 spell: Lee's Rapid Deconstruction
  3155 | D:5      | Learned a level 5 spell: Arcjolt
  3190 | D:5      | Reached skill level 7 in Earth Magic
  3312 | D:5      | Found a staircase to the Ecumenical Temple.
  3330 | Temple   | Entered the Ecumenical Temple
  3337 | Temple   | Became a worshipper of Gozag Ym Sagoz the Greedy
  3380 | D:5      | Reached skill level 5 in Stealth
  3380 | D:5      | Reached skill level 5 in Spellcasting
  3626 | D:6      | Found a bloodstained altar of Trog.
  3632 | D:6      | HP: 2/41 [ogre/+0 giant spiked club (10)]
  3634 | D:5      | Mangled by a black bear

Illustrated notes

Levels and vault maps discovered:
D:1:      spicycebolla_arrival_ecumenical, layout_basic, chequers_mini_garden
D:2:      layout_rooms, kennysheep_generic_room_14
D:3:      layout_rooms, mainiacjoe_overflow_alcove_4
D:4:      layout_basic, mainiacjoe_overflow_alcove_2, led_xom_imps,
          uniq_eustachio, uniq_blork_the_orc, uniq_duvessa
D:5:      layout_basic, mainiacjoe_overflow_catwalk_spiral,
          minmay_temple_entry_sparse_star
D:6:      layout_rooms, trog_ov_bears_minmay, nicolae_ossuary_entry_giza
Temple:   hellmonk_temple_of_storms

Skill      XL: |  1  2  3  4  5  6  7  8 |
---------------+-------------------------+-----
Earth Magic    | 4 5 6 7 |  7.4
Dodging        | 2 3 |  3.4
Stealth        | 3 4 5 |  5.0
Spellcasting   | 3 4 5 |  5.2
Conjurations   | 1 2 3 |  3.6
Transmutations | |  0.7

Action                     |  1- 3 |  4- 6 |  7- 9 || total
---------------------------+-------+-------+-------++-------
  Melee: Unarmed           |    31 |       |       ||    31
         Dagger            |     9 |       |       ||     9
         Hand axe          |     3 |     1 |     5 ||     9
   Cast: Sandblast         |    56 |    50 |    46 ||   152
         Stone Arrow       |     1 |     7 |    12 ||    20
    Use: Potion            |       |       |     1 ||     1
 Armour: Robe              |    38 |    25 |    32 ||    95
  Dodge: Dodged            |    66 |    31 |    38 ||   135

Table legend: (Time is in decaauts)
 A = Elapsed time spent in this place.
 B = Non-inter-level travel time spent in this place.
 C = Inter-level travel time spent in this place.
 D = Time resting spent in this place.
 E = Time spent auto-exploring this place.
 F = Levels seen in this place.
 G = Mean time per level.
                   A        B        C        D        E       F      G
               +--------+--------+--------+--------+--------+-----+--------+
         Total |   3724 |   3598 |    126 |    261 |   2603 |   7 |  532.0 |
       Dungeon |   3706 |   3586 |    120 |    261 |   2603 |   6 |  617.7 |
        Temple |     17 |     11 |      6 |      0 |      0 |   1 |   17.0 |
               +--------+--------+--------+--------+--------+-----+--------+

Top non-repeatable levels by time:
     D:4: 1063 daAuts
     D:1: 853 daAuts
     D:2: 686 daAuts
     D:5: 557 daAuts
     D:3: 536 daAuts
  Temple: 17 daAuts
     D:6: 9 daAuts
